 Dungeon Crawl Stone Soup version 0.30-b1-2-g02819fbbbe (webtiles) character file.

Game seed: 26028820521872930

2218 raph the Arsonist (level 9, 0/49 HPs)
             Began as a Deep Elf Fire Elementalist on Sept 10, 2023.
             Was a Believer of Sif Muna.
             Engulfed by a cloud of flame (14 damage)
             ... on level 7 of the Dungeon.
             The game lasted 00:12:11 (8603 turns).

raph the Arsonist (Deep Elf Fire Elementalist)      Turns: 8603, Time: 00:12:12

Health: 0/49       AC: 14    Str:  5    XL:     9   Next: 13%
Magic:  10/22      EV: 13    Int: 27    God:    Sif Muna [**....]
Gold:   43         SH:  5    Dex: 12    Spells: 9/22 levels left

rFire   . . .        n - +1 quarterstaff (freeze)
rCold   + . .        (shield currently unavailable)
rNeg    . . .        a - +0 robe
rPois   .            t - +1 helmet
rElec   .            v - +1 cloak
rCorr   .            e - +1 pair of gloves
SInv    .            H - +1 pair of boots
Will    +....        E - amulet "Icex" {Reflect Will+ Int+2 Dex-3 SH+5}
Stlth   ++           j - ring of protection from cold
HPRegen 0.28/turn    B - +4 ring of protection
MPRegen 0.18/turn

%: reflection
@: lethally poisoned (0 -> -6)
A: no striking features
a: Renounce Religion, Channel Magic


You were on level 7 of the Dungeon.
You worshipped Sif Muna.
Sif Muna was pleased with you.
You visited 2 branches of the dungeon, and saw 8 of its levels.

You collected 309 gold pieces.
You spent 266 gold pieces at shops.

Inventory:

Hand Weapons
 n - a +1 quarterstaff of freezing (weapon)
 o - a +0 dagger
 w - a +2 quarterstaff of chaos
Missiles
 p - 14 poisoned darts
 C - 6 throwing nets
Armour
 a - a +0 robe (worn)
 e - a +1 pair of gloves (worn)
 t - a +1 helmet (worn)
 v - a +1 cloak (worn)
 H - a +1 pair of boots (worn)
 J - a +0 buckler
Jewellery
 c - a +6 ring of strength
 j - a ring of protection from cold (left hand)
 B - a +4 ring of protection (right hand)
 E - the amulet "Icex" (around neck) {Reflect Will+ Int+2 Dex-3 SH+5}
   (You found it on level 5 of the Dungeon)

   [amulet of reflection]

   It reflects blocked missile attacks.
   Int:       It affects your intelligence (+2).
   Dex:       It affects your dexterity (-3).
   SH:        It affects your SH (+5).
   Will:      It increases your willpower.
Wands
 d - a wand of flame (26)
 s - a wand of mindburst (17)
 u - a wand of polymorph (9)
 y - a wand of roots (14)
Scrolls
 f - 3 scrolls of blinking
 g - 2 scrolls of teleportation
 x - 2 scrolls of enchant weapon
 F - a scroll of enchant armour
 G - a scroll of identify
 I - a scroll of brand weapon
Potions
 b - 3 potions of magic
 h - 3 potions of brilliance
 i - a potion of flight
 k - 4 potions of curing
 l - a potion of haste
 m - 3 potions of lignification
 q - 3 potions of attraction
 r - a potion of resistance
 z - a potion of might
 A - a potion of mutation
 D - 2 potions of cancellation


   Skills:
 + Level 2.6 Fighting
 + Level 4.7 Dodging
 - Level 2.4 Stealth
 + Level 7.4 Spellcasting
 + Level 5.7 Conjurations
 * Level 8.8 Fire Magic
 + Level 3.6 Invocations


You had 9 spell levels left.
You knew the following spells:

 Your Spells              Type           Power      Damage    Failure   Level
a - Foxfire               Conj/Fire      100%       2x1d9     1%          1
b - Scorch                Fire           100%       2d9       1%          2
c - Inner Flame           Hex/Fire       33%        N/A       2%          3
d - Volatile Blastmotes   Fire/Tloc      66%        2d15      2%          3
e - Flame Wave            Conj/Fire      49%        2d12      2%          4

Your spell library contained the following spells:

 Spells                   Type           Power      Damage    Failure   Level
 Apportation              Tloc           20%        N/A       5%          1
 Necrotise                Necr           40%        1d6       5%          1
 Summon Small Mammal      Summ           40%        N/A       5%          1


Dungeon Overview and Level Annotations

Branches:
Dungeon (7/15)             Temple (1/1) D:4

Altars:
Ashenzari
Cheibriados
Elyvilon
Makhleb
Nemelex Xobeh
Okawaru
Ru
Sif Muna
Trog
Uskayaw
Vehumet
Xom
Yredelemnul
Zin
The Shining One

Shops:
D:3 =   D:4 ?   D:5 (

Annotations:
D:2 dig
D:4 dig


Message History

The kobold is filled with an inner flame.
You feel sick.
The kobold brigand throws a poisoned dart.
You block the poisoned dart with an invisible shield... and reflect it back!
The poisoned dart hits the kobold brigand.
The kobold brigand is poisoned.
Casting: Inner Flame (dangerous; 2% risk of failure)
Confirm with . or Enter, or press ? or * to list all spells.
Casting: Flame Wave (dangerous; 2% risk of failure)
Press: ? - help, Dir - look around, f - activate A wave of flame ripples out!
The flame wave engulfs the kobold!
You kill the kobold!
Sif Muna accepts your kill. (Press . to intensify the flame waves.)
You feel sick.
An orc comes into view. It is wielding a +0 dagger.
A kobold comes into view. It is wielding a +0 dagger.
The kobold throws a poisoned dart.
The poisoned dart hits you.
You are more poisoned.
A wave of flame ripples out!
The flame wave engulfs the kobold.
Sif Muna accepts your kill.
The flame wave engulfs the kobold!
You kill the kobold!
Sif Muna accepts your kill.
The kobold explodes!
The fiery explosion engulfs you!!
You are engulfed in blazing flames.
You feel sick.
A wave of flame ripples out!
The flame wave engulfs the komodo dragon!!
The komodo dragon is heavily wounded.
The flame wave engulfs the kobold!
You kill the kobold!
Sif Muna accepts your kill.
The flame wave engulfs the kobold brigand!
The kobold brigand is heavily wounded.
The flame wave engulfs the kobold!
You kill the kobold!
Sif Muna accepts your kill.
You finish channelling waves of flame.
You are engulfed in blazing flames.
You die...

..###......# #
#...#......##.##.......
###........##.##.K...o
###.##.............
#####...###(# ..K...
.....##...#.# #.)K)
.....###....# )§l
.....# ##.#.# #§#
.....# #.#.####@#######
.....# #...#...........
.....# ###...##[#######
.....# #...##.# .....#
#.#..... .....#
#.#.#.... #.#.##....
#.#...>....
#.#.###.....


You could see a komodo dragon, a kobold brigand (poisoned), an orc and 2
kobolds.

Vanquished Creatures
  A steam dragon (D:6)
  Eustachio (D:6)
  An orc warrior (D:6)
  2 ice beasts
  3 ogres
  2 phantoms
  A gnoll sergeant (D:7)
  4 scorpions
  An electric eel (D:6)
  A hound (D:4)
  6 jellies
  Crazy Yiuf (D:4)
  A gnoll bouda (D:5)
  A sleepcap (D:4)
  An iguana (D:6)
  Ijyb (D:3)
  Natasha (thrice) (D:4)
  3 orc wizards
  Robin (D:3)
  21 gnolls
  6 adders
  An ufetubus (D:4)
  4 worms
  A dart slug (D:1)
  23 orcs
  12 endoplasms
  3 giant cockroaches
  13 goblins
  9 hobgoblins
  A jackal (D:3)
  6 quokkas
  4 ball pythons
  5 bats
  2 frilled lizards (D:3)
  13 kobolds
  3 rats
162 creatures vanquished.

Vanquished Creatures (collateral kills)
  8 foxfires
8 creatures vanquished.

Vanquished Creatures (others)
  A shadow imp (D:6)
  592 foxfires
  7 plants
600 creatures vanquished.

Grand Total: 770 creatures vanquished

Notes
Turn   | Place    | Note
-------+----------+-------------------------------------------
     0 | D:1      | raph the Deep Elf Fire Elementalist began the quest for the
                  | Orb.
     0 | D:1      | Reached XP level 1. HP: 10/10 MP: 6/6
   434 | D:1      | Reached XP level 2. HP: 15/15 MP: 5/8
   439 | D:1      | Learned a level 2 spell: Scorch
   826 | D:2      | Reached skill level 4 in Fire Magic
   884 | D:2      | Reached XP level 3. HP: 19/19 MP: 0/10
   892 | D:2      | Learned a level 3 spell: Inner Flame
  1505 | D:2      | Reached XP level 4. HP: 17/24 MP: 0/12
  1966 | D:3      | Found Zilodena's Jewellery Boutique.
  2011 | D:3      | Learned a level 3 spell: Volatile Blastmotes
  2134 | D:3      | Found a burning altar of Makhleb.
  2379 | D:3      | Found a faded altar of an unknown god.
  2469 | D:3      | Noticed Ijyb
  2477 | D:3      | Killed Ijyb
  2584 | D:3      | Reached skill level 5 in Fire Magic
  3000 | D:3      | Reached XP level 5. HP: 28/28 MP: 7/13
  3016 | D:3      | Noticed Robin
  3022 | D:3      | Killed Robin
  3369 | D:4      | Found a runed translucent door.
  3370 | D:4      | Noticed Crazy Yiuf
  3377 | D:4      | Killed Crazy Yiuf
  3499 | D:4      | Found Qamaanney's Magic Scroll Emporium.
  3504 | D:4      | Noticed Natasha
  3510 | D:4      | Killed Natasha
  3511 | D:4      | Reached XP level 6. HP: 32/32 MP: 9/15
  3512 | D:4      | Bought a scroll of identify for 28 gold pieces
  3512 | D:4      | Bought a scroll of identify for 28 gold pieces
  3691 | D:4      | Reached skill level 5 in Spellcasting
  3885 | D:4      | Learned a level 4 spell: Flame Wave
  3906 | D:4      | Reached skill level 6 in Fire Magic
  3908 | D:4      | Noticed Natasha
  3909 | D:4      | Found a staircase to the Ecumenical Temple.
  3911 | D:4      | Killed Natasha
  3956 | Temple   | Entered the Ecumenical Temple
  4258 | Temple   | Became a worshipper of Sif Muna the Loreminder
  4278 | D:4      | Noticed Natasha
  4286 | D:4      | Killed Natasha
  4866 | D:5      | Entered Level 5 of the Dungeon
  4904 | D:5      | Reached XP level 7. HP: 36/36 MP: 11/17
  5074 | D:5      | Found a white marble altar of Elyvilon.
  5141 | D:5      | Found Faerph's Antique Weapon Boutique.
  5240 | D:5      | Identified the amulet "Icex" {Reflect Will+ Int+2 Dex-3
                  | SH+5}
  5329 | D:5      | Reached skill level 7 in Fire Magic
  5562 | D:5      | Reached skill level 1 in Invocations
  5633 | D:5      | Reached skill level 1 in Fighting
  5726 | D:5      | Reached XP level 8. HP: 43/43 MP: 13/19
  6052 | D:6      | Noticed Eustachio
  6056 | D:6      | Killed Eustachio
  6057 | D:6      | Reached skill level 5 in Conjurations
  6323 | D:6      | Reached * piety under Sif Muna
  6324 | D:6      | Reached skill level 8 in Fire Magic
  7607 | D:6      | Reached ** piety under Sif Muna
  7855 | D:4      | Bought 2 scrolls of blinking for 210 gold pieces
  7969 | D:6      | Reached XP level 9. HP: 44/49 MP: 1/22
  8598 | D:7      | Noticed a komodo dragon
  8603 | D:7      | Engulfed by a cloud of flame

Illustrated notes

Levels and vault maps discovered:
D:1:      shiori_shiawase, layout_basic
D:2:      cheibrodos_old_hovel, layout_basic, minmay_misc_feat_plants,
          due_unseen_surprise
D:3:      minmay_spotlight, layout_loops_ring,
          mainiacjoe_overflow_surrounded_room, serial_shops,
          nicolae_shop_peninsula, basic_ecumenical_altar, uniq_ijyb, uniq_robin
D:4:      cheibrodos_quashed, layout_basic, minmay_temple_entry_sparse_star,
          serial_shops, nicolae_shop_advertising_works
          [nicolae_subvault_shop_adworks], serial_bayou_ford_a, uniq_natasha,
          uniq_crazy_yiuf_cottage
D:5:      layout_cave_pods, mainiacjoe_overflow_six_doors_small, serial_shops,
          nicolae_shop_peninsula
D:6:      corexii_shantytown, layout_gridville, nicolae_lava_and_water,
          uniq_eustachio
D:7:      layout_basic, mainiacjoe_overflow_boulevard,
          mainiacjoe_overflow_chevrons, serial_shops, shop
Temple:   hellmonk_temple_forest_ring

Skill      XL: |  1  2  3  4  5  6  7  8 |
---------------+-------------------------+-----
Fire Magic     | 4 5 6 7 8 |  8.8
Conjurations   | 2 3 4 5 |  5.7
Spellcasting   | 4 5 6 7 |  7.4
Invocations    | 1 3 |  3.6
Fighting       | 1 2 |  2.6
Dodging        | 3 4 |  4.7
Stealth        | |  2.4

Action                     |  1- 3 |  4- 6 |  7- 9 || total
---------------------------+-------+-------+-------++-------
  Melee: Unarmed           |     2 |       |       ||     2
         Quarterstaff      |       |     1 |       ||     1
   Cast: Foxfire           |    70 |   103 |   172 ||   345
         Scorch            |     9 |    21 |    14 ||    44
         Inner Flame       |       |     2 |     9 ||    11
         Flame Wave        |       |     3 |     6 ||     9
         Volatile Blastmot |       |       |     1 ||     1
  Evoke: Wand              |       |       |     2 ||     2
    Use: Scroll            |     5 |    11 |     8 ||    24
         Potion            |       |     1 |       ||     1
   Stab: Sleeping          |     1 |       |       ||     1
 Armour: Robe              |     2 |     7 |     7 ||    16
  Dodge: Dodged            |    14 |    21 |    19 ||    54
  Block: Other             |       |       |     6 ||     6
         Reflection        |       |       |     3 ||     3
